 Dungeon Crawl Stone Soup version 0.27.1-33-g824d729ab1 (webtiles) character file.

Game seed: 7044788383817510519

3804 boopmooplesden the Carver (level 9, -5/85 HPs)
             Began as a Minotaur Fighter on Dec 14, 2021.
             Was a Follower of Okawaru.
             Killed from afar by Maurice (15 damage)
             ... with a bolt of acid
             ... on level 8 of the Dungeon.
             The game lasted 00:29:14 (9244 turns).

boopmooplesden the Carver (Minotaur Fighter)        Turns: 9244, Time: 00:29:14

Health: -5/85      AC: 23    Str: 29    XL:     9   Next: 96%
Magic:  6/8        EV: 11    Int:  5    God:    Okawaru [*.....]
Gold:   524        SH: 17    Dex: 11    Spells: 8/8 levels left

rFire    . . .     SeeInvis .   u - +7 long sword of Causality {vorpal, Stlth+}
rCold    . . .     Faith    .   c - +3 kite shield
rNeg     . . .     Spirit   .   A - +0 plate armour
rPois    .         Reflect  .   l - +2 hat
rElec    .         Harm     .   n - +0 cloak
rCorr    .         Rampage  .   (no gloves)
Will     .....                  (no boots)
Stlth    ..........             (no amulet)
HPRegen  0.24/turn              s - +6 ring of strength
MPRegen  0.11/turn              q - +4 ring of protection

@: heroic, corroded
A: horns 2, retaliatory headbutt, iridescent scales 1, robust 1, shaggy fur 1,
wild magic 1
a: Renounce Religion, Heroism


You were on level 8 of the Dungeon.
You worshipped Okawaru.
Okawaru was aware of your devotion.
You visited 2 branches of the dungeon, and saw 9 of its levels.
You also visited: Ossuary.

You collected 524 gold pieces.

Inventory:

Hand Weapons
 a - a +0 long sword
 d - a +0 whip of flaming
 u - the +7 long sword of Causality (weapon) {vorpal, Stlth+}
   (You took it off Duvessa on level 7 of the Dungeon)

   It inflicts extra damage upon your enemies.
   Stlth:     It makes you more stealthy.
Missiles
 B - 8 boomerangs (quivered)
Armour
 b - a +0 scale mail
 c - a +3 kite shield (worn)
 l - a +2 hat (worn)
 m - a +0 chain mail
 n - a +0 cloak (worn)
 A - a +0 plate armour (worn)
Jewellery
 k - a ring of ice
 q - a +4 ring of protection (right hand)
 s - a +6 ring of strength (left hand)
Wands
 E - a wand of charming (7)
Scrolls
 j - a scroll of amnesia
 p - 3 scrolls of blinking
 r - 2 scrolls of fear
 t - a scroll of fog
 w - 3 scrolls of magic mapping
 x - a scroll of silence {unknown}
 C - a scroll of enchant armour
Potions
 e - 3 potions of flight
 f - a potion of magic
 g - a potion of ambrosia {unknown}
 h - a potion of invisibility
 o - 2 potions of attraction
 v - a potion of resistance
 D - a potion of degeneration {unknown}


   Skills:
 + Level 6.8(11.8) Fighting
 + Level 10.0(15.0) Long Blades
 + Level 0.5(5.5) Throwing
 + Level 9.3(14.3) Armour
 + Level 3.2(8.2) Dodging
 + Level 1.7(6.7) Stealth
 + Level 9.1(14.1) Shields


You had 8 spell levels left.
You didn't know any spells.
Your spell library contained the following spells:

 Spells                   Type           Power      Damage    Failure   Level
 Sandblast                Erth           0%         2d4       99%         1
 Passwall                 Tmut/Erth      0%         N/A       99%         2
 Lee's Rapid Deconstruct  Erth           0%         3d5*      100%        5


Dungeon Overview and Level Annotations

Branches:
Dungeon (8/15)             Temple (1/1) D:7         Ossuary (visited)
   Lair: D:8-11

Altars:
Ashenzari
Elyvilon
Fedhas
Kikubaaqudgha
Makhleb
Okawaru
Qazlal
Ru
Sif Muna
Trog
Vehumet
Xom
Yredelemnul
Zin

Annotations:
D:8 Maurice


Innate Abilities, Weirdness & Mutations

You have a pair of horns on your head.
You reflexively headbutt those who attack you in melee.
You are partially covered in iridescent scales. (AC +2)
You are robust. (+10% HP)
You are covered in fur. (AC +1)
Your spells are a little harder to cast, but a little more powerful.


Message History

* * * LOW HITPOINT WARNING * * *
You slash the orc wizard!
The orc wizard is almost dead.
Your surroundings suddenly seem different.
Found 13 arrows.
The orc wizard gestures at you while chanting.
You are confused.
You're too confused to move!
You feel less confused.
Found a mace.
Found a potion of magic and a coppery potion.
You are no longer corroded.
You see here 13 arrows.
You feel much better.
The orc wizard mumbles some strange words.
The orc wizard flickers and vanishes!
Maurice zaps a wand.
The bolt of acid hits something!!
The acid corrodes something!
Reactivating autopickup.
You feel a bit more experienced. The bolt of acid hits you.
You are splashed with acid!
You gain the combat prowess of a mighty hero.
Maurice zaps a wand.
The bolt of acid hits you but does no damage.
The acid corrodes you!
You are splashed with acid!
* * * LOW HITPOINT WARNING * * *
You slice Maurice!! You headbutt Maurice!
Maurice is severely wounded.
You miss Maurice. Your headbutt misses Maurice.
Maurice is severely wounded.
Maurice mumbles some strange words.
Maurice flickers and vanishes!
Deactivating autopickup; reactivate with Ctrl-A.
You miss something. Something hits you.
* * * LOW HITPOINT WARNING * * *
Something steals your amulet of faith!
You closely miss something.
You hear a zap.
A bolt of acid appears from out of thin air!
The bolt of acid hits you!
You die...

##### ##...# # ###....#
#.. #......# #.#
.......##...# ##.#
.!....###@#######..### ..#
..)...#.{.##.........##..#
......#(####..........###.
.!........................
......#.###...............
.............##.#.........
##......####..........###.
#..##.#.# ....o.....## #.#
......######.....#


There were no monsters in sight!

Vanquished Creatures
  A two-headed ogre (D:8)
  Pikel (D:5)
  2 hornets (D:7)
  Prince Ribbit (D:7)
  Duvessa (D:7)
  2 water moccasins
  An orc warrior (D:7)
  2 sky beasts (D:5)
  2 hornet zombies
  An ogre (D:5)
  2 centaurs
  An elf zombie (Ossuary)
  A kobold brigand (D:7)
  Blork the orc (D:4)
  Dowan (D:7)
  3 howler monkeys
  A bullfrog zombie (D:6)
  2 hounds (D:5)
  A centaur skeleton (D:4)
  3 jellies
  6 iguanas
  An orc wizard (D:5)
  2 killer bee zombies
  4 mummies (Ossuary)
  A hound zombie (Ossuary)
  Robin (D:4)
  6 adders
  2 shadow imps
  2 ufetubi
  3 adder zombies (Ossuary)
  3 dart slugs
  20 orcs
  4 ball pythons
  11 endoplasms
  5 giant cockroaches
  14 goblins
  9 hobgoblins
  4 jackals (D:3)
  9 kobolds
  2 quokkas
  6 bats
  3 frilled lizards
  A jackal zombie (Ossuary)
  2 kobold zombies (Ossuary)
  2 orc zombies (Ossuary)
  5 rats
  2 rat zombies (Ossuary)
160 creatures vanquished.

Vanquished Creatures (others)
  An orc wizard (D:8)
  A fungus (D:2)
  2 plants (D:2)
4 creatures vanquished.

Grand Total: 164 creatures vanquished

Notes
Turn   | Place    | Note
-------+----------+-------------------------------------------
     0 | D:1      | boopmooplesden the Minotaur Fighter began the quest for the
                  | Orb.
     0 | D:1      | Reached XP level 1. HP: 19/19 MP: 0/0
   516 | D:1      | Reached XP level 2. HP: 27/27 MP: 1/1
   980 | D:1      | Reached XP level 3. HP: 33/33 MP: 2/2
  1177 | D:2      | Reached skill level 3 in Long Blades
  1598 | D:2      | Found a faded altar of an unknown god.
  2016 | D:3      | Reached XP level 4. HP: 40/40 MP: 3/3
  2720 | D:4      | Reached skill level 4 in Long Blades
  2720 | D:4      | Reached skill level 1 in Dodging
  2746 | D:4      | Reached XP level 5. HP: 43/47 MP: 4/4
  2895 | D:4      | Found a glowing silver altar of Zin.
  2972 | D:4      | Noticed Robin
  3015 | D:4      | Killed Robin
  3516 | D:4      | Reached skill level 5 in Long Blades
  3601 | D:4      | Noticed Blork the orc
  3616 | D:4      | Killed Blork the orc
  3617 | D:4      | Reached XP level 6. HP: 46/53 MP: 5/5
  3893 | D:5      | Entered Level 5 of the Dungeon
  3950 | D:5      | Noticed a sky beast
  3958 | D:5      | Killed a sky beast
  3959 | D:5      | Reached skill level 5 in Armour
  3959 | D:5      | Reached skill level 5 in Shields
  4261 | D:5      | Reached skill level 6 in Long Blades
  4261 | D:5      | Reached XP level 7. HP: 9/60 MP: 6/6
  4651 | D:5      | Reached skill level 5 in Fighting
  4823 | D:5      | Reached skill level 7 in Long Blades
  4823 | D:5      | Reached skill level 1 in Stealth
  5057 | D:5      | Noticed Pikel
  5071 | D:5      | Killed Pikel
  5072 | D:5      | Reached XP level 8. HP: 20/70 MP: 7/7
  5558 | D:6      | Found a sand-covered staircase.
  5565 | D:6      | Reached skill level 8 in Long Blades
  5574 | Ossuary  | Entered an ossuary
  6585 | D:7      | Reached XP level 9. HP: 75/75 MP: 8/8
  6702 | D:7      | Noticed Prince Ribbit
  6710 | D:7      | Killed Prince Ribbit
  6711 | D:7      | Reached skill level 9 in Long Blades
  6848 | D:7      | Found a staircase to the Ecumenical Temple.
  6853 | Temple   | Entered the Ecumenical Temple
  6980 | Temple   | Became a worshipper of Warmaster Okawaru
  7040 | D:7      | Noticed a green ugly thing
  7089 | D:7      | Found a shimmering blue altar of Sif Muna.
  7212 | D:7      | HP: 5/115 [poisoned by a green ugly thing]
  7213 | D:7      | HP: 2/77 [poisoned by a green ugly thing]
  7825 | D:8      | Noticed a two-headed ogre
  7837 | D:8      | Noticed Maurice
  7840 | D:8      | Killed a two-headed ogre
  8120 | D:7      | Gained mutation: You are partially covered in iridescent
                  | scales. (AC +2) [potion of mutation]
  8120 | D:7      | Gained mutation: Your spells are a little harder to cast,
                  | but a little more powerful. [potion of mutation]
  8120 | D:7      | Gained mutation: You are robust. (+10% HP) [potion of
                  | mutation]
  8120 | D:7      | Gained mutation: You are covered in fur. (AC +1) [potion of
                  | mutation]
  8885 | D:7      | Identified the +7 long sword of Causality {vorpal, Stlth+}
  8885 | D:7      | Noticed Duvessa
  8896 | D:7      | Killed Duvessa
  8896 | D:7      | Reached * piety under Okawaru
  8906 | D:7      | Noticed Dowan
  8914 | D:7      | Killed Dowan
  9207 | D:8      | Reached skill level 10 in Long Blades
  9244 | D:8      | Killed from afar by Maurice

Illustrated notes

Levels and vault maps discovered:
D:1:      minmay_arrival_nine_rooms, layout_loops_corners
D:2:      layout_rooms, dreamdust_ecumenical_altar_hidden_monk_grotto,
          nrook_campfire
D:3:      layout_loops_ring
D:4:      layout_layer_cave, zin_scriptorium, uniq_blork_the_orc, uniq_robin
D:5:      layout_gridville, hangedman_decor_lopped, uniq_pikel
D:6:      layout_loops_ring, lightli_ossuary_entry_decrepit_ruins,
          serial_bayou_pond_d
D:7:      layout_loops_corners, nicolae_sif_muna_little_library,
          temple_doors_cd, chequers_serial_rivers_room_a, uniq_prince_ribbit1,
          uniq_duvessa
D:8:      layout_rooms, nzn_wu_jian_contemplation, grunt_ministairs_6,
          uniq_psyche, uniq_maurice
Temple:   regret_index_temple_generic_petals

Skill      XL: |  1  2  3  4  5  6  7  8  9 |
---------------+----------------------------+-----
Shields        | 4 5 6 7 9 |  9.1
Fighting       | 4 5 6 |  6.8
Armour         | 4 5 6 7 9 |  9.3
Long Blades    | 3 4 5 6 7 8 10 | 10.0
Dodging        | 1 2 3 |  3.2
Stealth        | 1 |  1.7
Throwing       | |  0.5

Action                   |  1- 3 |  4- 6 |  7- 9 || total
-------------------------+-------+-------+-------++-------
Melee: Long sword        |    93 |   135 |   253 ||   481
       Headbutt          |    13 |    17 |    68 ||    98
Throw: Boomerang         |       |       |     2 ||     2
Invok: Heroism           |       |       |     1 ||     1
  Use: Scroll            |     6 |     7 |    11 ||    24
       Potion            |       |     1 |     9 ||    10
Armor: Scale mail        |    42 |    27 |       ||    69
       Chain mail        |       |    91 |   134 ||   225
       Plate armour      |       |       |    39 ||    39
Dodge: Dodged            |    36 |    31 |    80 ||   147
Block: Kite shield       |    42 |   105 |   206 ||   353
       Rpst.: Long sword |     9 |     8 |    25 ||    42
